 Dungeon Crawl Stone Soup version 0.27.1-3-gb3d3a73c9e (webtiles) character file.

Game seed: 5515636365933883020

1761769 ABBCCCDDDD the Hoplite (level 27, 196/210 (211) HPs)
             Began as an Octopode Hedge Wizard on Oct 20, 2021.
             Was an Initiate of Gozag.
             Escaped with the Orb
             ... and 4 runes!
             The game lasted 04:00:31 (139938 turns).

ABBCCCDDDD the Hoplite (Octopode Hedge Wizard)    Turns: 139938, Time: 04:00:31

HP:   196/210 (211) AC: 16    Str:  7    XL:     27
MP:   62/62         EV: 23    Int: 39    God:    Gozag
Gold: 16752         SH: 29    Dex: 15    Spells: 5/60 levels left

rFire    + + +     SeeInvis +   r - +3 Elemental Staff {rElec rF++ rC++ Will++ AC+5}
rCold    + + .     Faith    .   k - +2 tower shield {AC+3}
rNeg     + + .     Spirit   .   w - +3 crown of Dyrovepreva {rElec Int+2 SInv}
rPois    +         Reflect  +   F - amulet of reflection
rElec    +         Harm     .   e - +4 ring of protection
rCorr    +         Rampage  .   W - ring "Ifoihaa" {rPois rN++ Will- rCorr Slay+2}
Will     +++..                  L - ring of wizardry
Stlth    ++........             Q - +6 ring of intelligence
HPRegen  0.45/turn              S - +4 ring of evasion
MPRegen  0.38/turn              K - ring "Humenk" {rF+ MP+9 Str-5 Int+6}
                                J - ring of wizardry
                                V - ring of Zoireu {MP+9 Slay+6}

@: studying 2 skills, lightly drained
A: almost no armour, amphibious, 8 rings, camouflage 2, gelatinous body 1,
(nimble swimmer 1), tentacles, poison resistance, strong 1
0: Orb of Zot
}: 4/15 runes: decaying, serpentine, slimy, silver
a: Renounce Religion, Potion Petition, Call Merchant, Bribe Branch


You escaped.
You worshipped Gozag.
Gozag was extremely pleased with you.
You visited 14 branches of the dungeon, and saw 58 of its levels.
You visited the Abyss 1 time.
You also visited: Trove, Ossuary, Wizlab and Desolation.

You collected 39976 gold pieces.
You spent 8244 gold pieces at shops.
You paid 14980 gold pieces to Gozag.

Inventory:

Hand Weapons
 r - the +3 Elemental Staff (weapon) {rElec rF++ rC++ Will++ AC+5}
   (You acquired it on level 10 of the Dungeon)

   If the wielder is skilled in Evocations, they can discharge powerful blasts
   of elemental energy when striking with it.
   It enhances your fire, ice, earth and air magic.
   AC:        It affects your AC (+5).
   rF:        It greatly protects you from fire.
   rC:        It greatly protects you from cold.
   rElec:     It insulates you from electricity.
   Will:      It greatly increases your willpower.
Missiles
 X - 19 curare-tipped darts (quivered)
Armour
 k - a +2 tower shield of protection (worn)
 w - the +3 crown of Dyrovepreva (worn) {rElec Int+2 SInv}
   (You found it in a treasure trove)

   Int:       It affects your intelligence (+2).
   rElec:     It insulates you from electricity.
   SInv:      It lets you see invisible.
Jewellery
 e - a +4 ring of protection (left tentacle)
 m - the ring "Zaigoti" {Contam rElec rN++ Dex+6 SInv}
   (You acquired it on level 1 of the Lair of Beasts)

   [ring of dexterity]

   Dex:       It affects your dexterity (+6).
   rElec:     It insulates you from electricity.
   rN:        It greatly protects you from negative energy.
   SInv:      It lets you see invisible.
   Contam:    It causes magical contamination when unequipped.
 F - an amulet of reflection (around mantle)
 J - a ring of wizardry (on tentacle)
 K - the ring "Humenk" (on tentacle) {rF+ MP+9 Str-5 Int+6}
   (You bought it in a shop on level 2 of the Orcish Mines)

   [ring of magical power]

   Str:       It affects your strength (-5).
   Int:       It affects your intelligence (+6).
   rF:        It protects you from fire.
   MP:        It affects your magic capacity (+9).
 L - a ring of wizardry (on tentacle)
 N - the ring "Ucvi" {Dex+4 Slay+4}
   (You acquired it on level 3 of the Realm of Zot)

   [ring of slaying]

   Dex:       It affects your dexterity (+4).
   Slay:      It affects your accuracy & damage with ranged weapons and melee
   (+4).
 Q - a +6 ring of intelligence (on tentacle)
 R - the ring "Qups" {Dex+6 Slay+3}
   (You found it in a treasure trove)

   [ring of dexterity]

   Dex:       It affects your dexterity (+6).
   Slay:      It affects your accuracy & damage with ranged weapons and melee
   (+3).
 S - a +4 ring of evasion (on tentacle)
 T - the ring of Life {rN+ Int+7 Dex-5 SInv}
   (You took it off a tengu reaver on level 4 of the Vaults)

   [ring of positive energy]

   Int:       It affects your intelligence (+7).
   Dex:       It affects your dexterity (-5).
   rN:        It protects you from negative energy.
   SInv:      It lets you see invisible.
 V - the ring of Zoireu (on tentacle) {MP+9 Slay+6}
   (You bought it in a shop on level 1 of the Lair of Beasts)

   [ring of magical power]

   Slay:      It affects your accuracy & damage with ranged weapons and melee
   (+6).
   MP:        It affects your magic capacity (+9).
 W - the ring "Ifoihaa" (right tentacle) {rPois rN++ Will- rCorr Slay+2}
   (You found it on level 2 of the Lair of Beasts)

   [ring of resist corrosion]

   Slay:      It affects your accuracy & damage with ranged weapons and melee
   (+2).
   rPois:     It protects you from poison.
   rN:        It greatly protects you from negative energy.
   rCorr:     It protects you from acid and corrosion.
   Will:      It decreases your willpower.
Wands
 c - a wand of digging (27)
 i - a wand of paralysis (19)
 t - a wand of flame (179)
 G - a wand of iceblast (90)
 I - a wand of mindburst (34)
 M - a wand of acid (23)
Scrolls
 d - 2 scrolls of summoning
 f - 25 scrolls of teleportation
 g - 6 scrolls of blinking
 h - 11 scrolls of identify
 n - 10 scrolls of enchant armour
 p - 11 scrolls of fear
 u - 6 scrolls of torment
 y - 7 scrolls of holy word
 C - 5 scrolls of magic mapping
 D - 4 scrolls of silence
 H - 8 scrolls of fog
Potions
 j - 13 potions of flight
 q - 6 potions of might
 s - 3 potions of cancellation
 x - 10 potions of brilliance
 z - 15 potions of lignification
 A - 3 potions of resistance
 B - 12 potions of haste
 E - 2 potions of berserk rage
 O - 26 potions of curing
 P - a potion of magic
 Y - 4 potions of invisibility
 Z - 11 potions of heal wounds
Miscellaneous
 a - a tin of tremorstones (2/2)
 b - a phantom mirror
 o - a box of beasts
 v - a condenser vane
 U - a lightning rod (4/4)


   Skills:
 - Level 23.0 Fighting
 - Level 6.0 Staves
 - Level 4.0 Throwing
 - Level 12.0 Dodging
 - Level 6.0 Stealth
 - Level 25.0 Shields
 + Level 17.0 Spellcasting
 - Level 15.0 Conjurations
 - Level 1.0 Summonings
 + Level 12.4 Necromancy
 - Level 1.0 Translocations
 + Level 12.4 Transmutations
 - Level 22.0 Ice Magic
 - Level 4.0 Air Magic
 - Level 15.0 Earth Magic
 - Level 4.0 Poison Magic
 - Level 16.0 Evocations


You had 5 spell levels left.
You knew the following spells:

 Your Spells              Type           Power      Damage    Failure   Level
a - Magic Dart            Conj           100%       1d8       0%          1
b - Blink                 Tloc           N/A        N/A       1%          2
c - Mephitic Cloud        Conj/Pois/Air  96%        N/A       1%          3
d - Stone Arrow           Conj/Erth      100%       3d13      0%          3
e - Tukima's Dance        Hex            33%        N/A       1%          3
f - Freezing Cloud        Conj/Ice/Air   71%        6-21      1%          5
g - Frozen Ramparts       Ice            100%       1d12      0%          3
h - Lehudib's Crystal Sp  Conj/Erth      61%        10d14     3%          8
i - Bolt of Magma         Conj/Fire/Erth 64%        4d25      1%          5
j - Polar Vortex          Ice            70%        N/A       3%          9
k - Necromutation         Tmut/Necr      46%        N/A       11%         8
l - Borgnjor's Vile Clut  Necr/Erth      59%        N/A       1%          5

Your spell library contained the following spells:

 Spells                   Type           Power      Damage    Failure   Level
 Beastly Appendage        Tmut           100%       N/A       0%          1
 Freeze                   Ice            100%       1d11      0%          1
 Sandblast                Erth           100%       2d20      0%          1
 Shock                    Conj/Air       100%       1d9       0%          1
 Sublimation of Blood     Necr           46%        N/A       0%          2
 Wereblood                Tmut           92%        N/A       0%          2
 Vampiric Draining        Necr           46%        2d12      0%          3
 Hailstorm                Conj/Ice       100%       3d20      0%          4
 Ice Form                 Ice/Tmut       100%       N/A       0%          4
 Foxfire                  Conj/Fire      100%       2x1d9     1%          1
 Summon Small Mammal      Summ           100%       N/A       1%          1
 Call Imp                 Summ           41%        N/A       1%          2
 Corpse Rot               Necr/Air       N/A        N/A       1%          2
 Poisonous Vapours        Pois/Air       100%       N/A       1%          2
 Slow                     Hex            33%        N/A       1%          2
 Call Canine Familiar     Summ           41%        N/A       1%          3
 Confusing Touch          Hex            33%        N/A       1%          3
 Conjure Flame            Conj/Fire      95%        6-21      1%          3
 Dazzling Flash           Conj/Hex       100%       N/A       1%          3
 Gell's Gravitas          Tloc           20%        N/A       1%          3
 Ignite Poison            Fire/Tmut/Pois 85%        N/A       1%          3
 Lesser Beckoning         Tloc           20%        N/A       1%          3
 Spider Form              Tmut/Pois      38%        N/A       1%          3
 Summon Guardian Golem    Hex/Summ       37%        N/A       1%          3
 Swiftness                Air            77%        N/A       1%          3
 Teleport Other           Tloc           41%        N/A       1%          3
 Airstrike                Air            38%        N/A       1%          4
 Dispel Undead            Necr           92%        3d29      1%          4
 Fulminant Prism          Conj/Hex       37%        3d18      1%          4
 Iskenderun's Mystic Bla  Conj/Tloc      77%        2d15      1%          4
 Passage of Golubria      Tloc           N/A        N/A       1%          4
 Petrify                  Tmut/Erth      100%       N/A       1%          4
 Summon Ice Beast         Ice/Summ       100%       N/A       1%          4
 Agony                    Necr           92%        N/A       1%          5
 Blade Hands              Tmut           46%        N/A       1%          5
 Fireball                 Conj/Fire      47%        3d19      1%          5
 Irradiate                Conj/Tmut      48%        3d29      1%          5
 Lee's Rapid Deconstruct  Erth           61%        3d29*     1%          5
 Metabolic Englaciation   Hex/Ice        54%        N/A       1%          5
 Yara's Violent Unravell  Hex/Tmut       34%        3d14      1%          5
 Silence                  Hex/Air        32%        N/A       3%          5
 Manifold Assault         Tloc           41%        N/A       4%          5
 Summon Forest            Summ/Tloc      20%        N/A       4%          5
 Summon Mana Viper        Hex/Summ       37%        N/A       5%          5
 Conjure Ball Lightning   Conj/Air       51%        3x3d18    1%          6
 Iron Shot                Conj/Erth      61%        9d11      1%          6
 Simulacrum               Ice/Necr       64%        N/A       1%          6
 Statue Form              Tmut/Erth      78%        N/A       1%          6
 Dragon Form              Tmut           46%        N/A       1%          7
 Storm Form               Tmut/Air       49%        N/A       7%          7
 Borgnjor's Revivificati  Necr           46%        N/A       11%         8
 Dispersal                Tloc           20%        N/A       24%         6
 Shadow Creatures         Summ           N/A        N/A       24%         6
 Invisibility             Hex            16%        N/A       32%         6
 Summon Hydra             Summ           20%        N/A       75%         7
 Death's Door             Necr           46%        N/A       78%         9
 Chain Lightning          Conj/Air       51%        3d68      98%         9
 Discord                  Hex            16%        N/A       100%        8
 Disjunction              Tloc           20%        N/A       100%        8
 Fire Storm               Conj/Fire      47%        8d12      100%        9
 Animate Armour           Summ/Erth      Unusable   N/A       N/A         4

Dungeon Overview and Level Annotations

Branches:
Dungeon (15/15)            Temple (1/1) D:5            Lair (6/6) D:10
  Swamp (4/4) Lair:4        Snake (4/4) Lair:4        Slime (5/5) Lair:5
    Orc (2/2) D:11            Elf (2/3) Orc:2        Vaults (5/5) D:14
  Crypt (2/3) Vaults:2     Depths (5/5) D:15           Hell (visited)
    Dis (0/7) Hell            Geh (1/7) Hell            Coc (0/7) Hell
    Tar (0/7) Hell            Zot (5/5) Depths:5    Ossuary (visited)
 WizLab (visited)         Desolation (visited)

Altars:
Ashenzari
Cheibriados
Dithmenos
Elyvilon
Fedhas
Gozag
Hepliaklqana
Kikubaaqudgha
Makhleb
Nemelex Xobeh
Okawaru
Qazlal
Ru
Trog
Uskayaw
Vehumet
Xom
The Shining One
Beogh
Jiyva

Shops:
D:10 *   Orc:1 *   Orc:2 *[[=?((?   Elf:2 *   Lair:1 *!?=?   Vaults:1 (
Vaults:2 :   Vaults:4 *   Hell [*=!   Depths:1 :=:(=   Depths:5 :

Portals:
Hell: Depths:1 Depths:2 Depths:3 Depths:4
Abyss: Depths:3 Depths:4 Depths:5
Pandemonium: Depths:3
Ziggurat: Depths:5

Annotations:
D:9 2 transporters, exclusion: door, hurston's ghost, novice GrFi
Swamp:2 Roxanne
Snake:2 1 runed translucent door, PanSaczeczos's ghost, adept DrGl
Slime:3 exclusion: downstairs
Elf:1 6 runed translucent doors
Elf:2 3 runed translucent doors


Innate Abilities, Weirdness & Mutations

You cannot wear most types of armour.
You are amphibious.
You can wear up to eight rings at the same time.
Your skin blends seamlessly with your surroundings (Stealth++).
Your rubbery body absorbs attacks. (AC +1, EV +1)
((You are camouflaged near water. (Stealth+)))
You have tentacles for arms and can constrict up to eight enemies at once.
Your system is resistant to poisons. (rPois)
Your muscles are strong. (Str +2)


Message History

Your body is wracked with pain!
You block the tormentor's attack. x2
You kill the tormentor!
The winds around you start to calm down.
You float gracefully downwards.
You are engulfed in whirling frost.
The winds around you calm down.
You see here a +0 chain mail.
There is a stone staircase leading up, spattered with blood here.
You climb upwards.
There is a stone staircase leading down here.
Your magical contamination has completely faded away.
You see here 26 stones.
You see here a +0 ring mail.
A ynoxinul comes into view.
There is a stone staircase leading up here.
The ynoxinul gestures.
You climb upwards.
There is a stone staircase leading down here.
There is a stone staircase leading up here.
You start resting.
An Orb Guardian comes into view.
You climb upwards.
There is a stone staircase leading down here.
A neqoxec comes into view.
Casting: Polar Vortex (dangerous; 3% risk of failure)
Confirm with . or Enter, or press ? or * to list all spells.
Aiming: Lehudib's Crystal Spear (dangerous; 3% risk of failure)
Press: ? - help, Shift-Dir - straight line, f - neqoxec
Aim: a neqoxec (80% to hit)
You feel a surge of power!
The crystal spear hits the neqoxec!!!!
You kill the neqoxec!
You now have 16752 gold pieces (gained 3).
You see here a +0 club.
There is an escape hatch in the ceiling here.
You start resting.
Magic restored.
A mysterious force pulls you upwards. The hatch slams shut behind you.
There is a staircase leading out of the dungeon here.
You have escaped!

###### #.>@.#
#....# #....#
##############....#
#.....#.....##....#
...............####
....(.........##
..[...........#
..............#


There were no monsters in sight!

Levels and vault maps discovered:
D:1:      dpeg_arrival_fog, layout_rooms, kennysheep_boxes
D:2:      layout_rooms, ebering_ecumenical_altar_mist,
          kennysheep_generic_room_2, uniq_robin
D:3:      layout_basic, lemuel_crystal_altar, minmay_shallow_snake_nest
D:4:      layout_rooms, mainiacjoe_overflow_alcove_1,
          nicolae_overflow_hidden_temple, grunt_decor_cap, minmay_starry_boxes,
          uniq_sigmund, uniq_edmund, uniq_menkaure, uniq_crazy_yiuf_cottage
D:5:      layout_cave_pods, minmay_temple_entry_waves
D:6:      layout_basic, kennysheep_flooded_box
D:7:      layout_cave_pools
D:8:      layout_layer_cave, nicolae_overflow_crystal_walls,
          ashenzari_conservatory_becter, nicolae_ossuary_entry_monument
D:9:      layout_roguey, lemuel_tele_altar, gammafunk_ghost_wrathful_warriors
D:10:     layout_grid_maze, dpeg_lair_monsters, enter_trove_0,
          guppyfry_shop_venom
D:11:     cheibrodos_steamvent, layout_grid_maze, zombieorc2_lemuel, uniq_erica
D:12:     layout_long_grid, nrook_campfire
D:13:     layout_basic, uniq_snorg, uniq_erolcha
D:14:     layout_rooms, hangedman_vaults_entry_quadrant_bands,
          hangedman_abyss_or_decor_stagger
D:15:     hangedman_depths_entry_civil_slaughter, layout_small_grid,
          minivault_27
Temple:   zaba_magenta_temple
Lair:1:   layout_gridlike, st_stairs_3, beast_lair_carwin_9
Lair:2:   layout_regular_city, serial_bayou_pond_a, minivault_27,
          chequers_serial_rivers_micro_d, lemuel_centaur_altar
Lair:3:   layout_long_grid, basic_altar, serial_bayou_pond_a,
          serial_bayou_shore_b, uniq_sonja
Lair:4:   layout_long_grid, minmay_swamp_entry_worms,
          guppyfry_snake_entry_island
Lair:5:   layout_loops_ring, slime_altar_1, beast_lair_carwin_11,
          minmay_lair_oklob_chamber, lemuel_fruit_tree
Lair:6:   guppyfry_lair_end_dragon, layout_gridlike, serial_bayou_shore_b
Swamp:1:  layout_basic_swamp, evilmike_swamp_ruin_house_2, swamp_pool1,
          uniq_nikola
Swamp:2:  layout_basic_swamp, evilmike_swamp_ruin_house_3, uniq_roxanne
Swamp:3:  layout_falls_marsh, nicolae_swamp_bean_lake, uniq_jorgrun
Swamp:4:  swamp, layout_basic_swamp
Snake:1:  layout_onion_interference, nicolae_snake_biting_tails
Snake:2:  layout_concentric_octagons, ebering_ghost_reflecting_pool,
          uniq_frances, uniq_aizul
Snake:3:  layout_misc_corridors
Snake:4:  grunt_snake_rune_serpentine_throne, layout_cave_town,
          serial_bayou_shore_b, grunt_megastairs_5
Slime:1:  cheibrodos_slime_lost_civilization_1, layout_caves, basic_altar
Slime:2:  cheibrodos_slime_lost_civilization_9, layout_caves
Slime:3:  layout_caves, nicolae_slime_barrier
Slime:4:  layout_caves, cheibrodos_slime_lost_civilization_5
Slime:5
Orc:1:    layout_diamond_mine, serial_shops, nicolae_lakefront_shop,
          nicolae_orc_lost_temple, uniq_nergalle
Orc:2:    st_orc_town, layout_diamond_mine, serial_shops, shop, shop,
          nicolae_shop_crystal, okawaru_metal_pillars_3
Elf:1:    layout_geoelf_octagon, portal_desolation_entry_garden, orc_legates,
          grunt_ministairs_12, statue_in_the_mist_lemuel, dk_noncrumbling_3,
          grunt_megastairs_1, uniq_kirke
Elf:2:    elven_hall_of_blades_hangedman_original
          [nicolae_blade_entry_crossed_weapons], layout_loops_ring,
          serial_shops, shop
Vaults:1: nicolae_vaults_little_squares_1, hangedman_vaults_pinch,
          vaults_room_octagon, hangedman_vaults_locks, v_misc_30, serial_ice_b,
          nicolae_vaults_specimen_jars, nicolae_vaults_circle_grid_a,
          ontoclasm_vaults_twist, vaults_room_door_ring,
          dpeg_vaults_monster_row, layout_vaults_omnicross, serial_shops, shop
Vaults:2: v_misc_13, minmay_crypt_entry_simple_statues, nicolae_vaults_alarming,
          v_pattern_3, grunt_vaults_hallway_short,
          nicolae_vaults_little_squares_1, nicolae_vaults_border_crossing,
          layout_vaults_quadrants, serial_shops, nicolae_diamond_shop,
          uniq_sojobo
Vaults:3: nicolae_vaults_back_hallway, hangedman_vaults_cutoff, v_misc_5,
          ontoclasm_vaults_eye, vaults_room_fancy_cross,
          ontoclasm_vaults_ligature, nicolae_vaults_little_squares_1,
          vaults_standard_mumra_enter_the_diamond, vaults_mumra_chevron,
          hangedman_vaults_corner, v_rooms_4, nicolae_vaults_little_ls,
          nicolae_vaults_little_squares_2, ontoclasm_vaults_pinch,
          nicolae_vaults_little_squares_4, layout_vaults_omnibox
Vaults:4: nicolae_vaults_circle_grid_a, v_misc_3,
          nicolae_vaults_network_barrier, grunt_vaults_hallway_long,
          hangedman_vaults_river_flow, ontoclasm_vaults_ring_square,
          nicolae_vaults_little_squares_4, vaults_room_semicircle,
          st_greater_box_1, grunt_vaults_trifunnel, v_misc_2,
          nicolae_vaults_asterisk, layout_vaults_maze_bifur, serial_shops,
          shop_fountains
Vaults:5: serial_shops
Crypt:1:  layout_chaotic_city, not_door_vault_due,
          grunt_crypt_arrival_guarded_gate
Crypt:2:  layout_rooms, infiniplex_enter_wizlab_water, special_room
          [special_room_morgue], serial_sigils_hangedman_stare,
          skrybe_necro_troll_1, uniq_saint_roka
Depths:1: layout_basic, pf_coc_iceberg, serial_shops, nicolae_diamond_shop,
          nicolae_square_shop, nemelex_lonely_heart_becter, minmay_shop_grove
Depths:2: minmay_textured_paths, layout_gridlike, lightli_too_deep,
          grunt_decor_arrowhead, eino_small_chamber_without_monster,
          chequers_serial_rivers_micro_e, kennysheep_generic_room_12,
          infiniplex_staircase_pool_2, serial_bayou_shore_a
Depths:3: box_level_dp, pan_entry, abyss_entry, hell_entry
Depths:4: minmay_triangles_in_corner, layout_cave_pools,
          pf_hell_entry_tar_spiral, elyvilon_altar_3, abyss_entry,
          hangedman_ru_absence, infiniplex_staircase_spiral_double
Depths:5: lemuel_castle_with_subvaults [lemuel_castle_interior_carwin_2],
          layout_cave_pools, enter_ziggurat_e, abyss_entry,
          chequers_serial_rivers_micro_d, serial_co_window_serial,
          co_window_corner_a, co_window_corner_a, co_window_of_opportunity_a,
          co_window_corner_a, co_window_paths_b, co_window_corner_ca,
          co_window_corner_cb, glass_columns_a, glass_columns_b,
          glass_columns_a, glass_columns_a, serial_shops,
          nicolae_shop_statue_plus, hell_entry, lightli_giant_bouncers,
          uniq_frederick
Hell
Geh:1:    layout_gehenna_pools_box
Zot:1:    ebering_greatest_show_in_zot, layout_cathedral_of_symmetry
Zot:2:    regret_index_qazlal_generations, layout_gridlike,
          hangedman_zot_wheel_spokes
Zot:3:    layout_basic, hangedman_player_shredder
Zot:4:    layout_misc_corridors, nzn_random_ring
Zot:5:    layout_basic

Notes
Turn   | Place    | Note
-------+----------+-------------------------------------------
     0 | D:1      | ABBCCCDDDD the Octopode Hedge Wizard began the quest for
                  | the Orb.
     0 | D:1      | Reached XP level 1. HP: 11/11 MP: 4/4
   262 | D:1      | Reached XP level 2. HP: 18/18 MP: 3/6
   455 | D:1      | Reached skill level 1 in Fighting
  1181 | D:2      | Reached XP level 3. HP: 23/23 MP: 1/7
  1355 | D:2      | You fall into a shaft and drop 2 floors!
  1824 | D:4      | Reached XP level 4. HP: 17/29 MP: 2/8
  2237 | D:4      | Noticed Menkaure
  2467 | D:4      | Noticed Sigmund
  2480 | D:4      | Noticed a black bear
  2628 | D:4      | Found a burning altar of Makhleb.
  2956 | D:3      | Reached XP level 5. HP: 35/35 MP: 3/9
  3586 | D:3      | Found a blossoming altar of Fedhas.
  3806 | D:2      | Reached skill level 5 in Stealth
  3859 | D:2      | Noticed Robin
  4134 | D:2      | Found a faded altar of an unknown god.
  4166 | D:2      | Killed Robin
  4493 | D:5      | Entered Level 5 of the Dungeon
  4520 | D:4      | Learned a level 2 spell: Blink
  4524 | D:4      | Learned a level 3 spell: Mephitic Cloud
  4743 | D:5      | Reached skill level 1 in Shields
  4743 | D:5      | Reached XP level 6. HP: 36/42 MP: 10/10
  4889 | D:5      | Found a staircase to the Ecumenical Temple.
  4898 | Temple   | Entered the Ecumenical Temple
  4902 | Temple   | Became a worshipper of Gozag Ym Sagoz the Greedy
  4925 | D:4      | Found a shimmering altar of Xom.
  4925 | D:4      | Found a snail-covered altar of Cheibriados.
  4926 | D:4      | Noticed Edmund
  5521 | D:5      | Reached skill level 2 in Shields
  5967 | D:6      | Learned a level 3 spell: Stone Arrow
  6008 | D:6      | Reached skill level 3 in Shields
  6040 | D:6      | Reached XP level 7. HP: 46/46 MP: 11/11
  6405 | D:6      | HP: 2/46 [centaur warrior zombie (3)]
  6412 | D:6      | Reached skill level 4 in Shields
  6428 | D:6      | Gained mutation: Your magical capacity is low. (-10% MP)
                  | [potion of mutation]
  6442 | D:6      | Reached XP level 8. HP: 4/52 MP: 11/11
  6788 | D:6      | Found a sparkling altar of Nemelex Xobeh.
  7345 | D:7      | Reached skill level 5 in Conjurations
  7690 | D:7      | Reached skill level 5 in Earth Magic
  8177 | D:7      | Noticed a manticore
  8233 | D:8      | Found an iron altar of Okawaru.
  8256 | D:8      | Found a sand-covered staircase.
  8278 | Ossuary  | Entered an ossuary
  8330 | Ossuary  | Reached XP level 9. HP: 56/56 MP: 8/13
  8471 | Ossuary  | Reached skill level 1 in Poison Magic
  9392 | D:8      | Reached skill level 5 in Spellcasting
  9745 | D:8      | Reached skill level 5 in Fighting
  9789 | D:8      | Found a broken altar of Ashenzari.
  9834 | D:8      | Reached skill level 1 in Evocations
 10366 | D:9      | Noticed a two-headed ogre
 10369 | D:9      | Noticed a tengu warrior
 10373 | D:9      | Noticed a two-headed ogre
 10373 | D:9      | Noticed hurston's ghost (novice GrFi)
 10795 | D:9      | You fall into a shaft and drop 2 floors!
 10795 | D:11     | Noticed Erica
 10800 | D:11     | Killed Erica
 10801 | D:11     | Reached skill level 5 in Evocations
 10801 | D:11     | Reached XP level 10. HP: 66/66 MP: 2/17
 10973 | D:11     | Reached skill level 1 in Air Magic
 11159 | D:10     | Entered Level 10 of the Dungeon
 11182 | D:11     | Noticed an eight-headed hydra
 11186 | D:11     | Killed an eight-headed hydra
 11261 | D:10     | Noticed a six-headed hydra
 11266 | D:10     | Killed a six-headed hydra
 11374 | D:10     | Found Golank's Serpentskin Sales.
 11588 | D:10     | Found a portal to a secret trove of treasure.
 11606 | D:10     | Noticed a death yak
 11732 | D:9      | Reached XP level 11. HP: 63/74 MP: 4/18
 12000 | D:10     | Identified a scroll of acquirement
 12001 | D:10     | Acquired the +3 Elemental Staff {rElec rF++ rC++ Will++
                  | AC+5}
 12001 | D:10     | Found the +3 Elemental Staff {rElec rF++ rC++ Will++ AC+5}
 12223 | D:9      | Found a hide-covered altar of Uskayaw.
 12315 | D:9      | Found a transporter.
 12320 | D:9      | Found a transporter.
 12321 | D:9      | Found a bloodstained altar of Trog.
 12321 | D:9      | Noticed a moth of wrath
 12704 | D:4      | Found a glowing golden altar of the Shining One.
 12710 | D:4      | Killed Edmund
 12711 | D:4      | Reached skill level 1 in Staves
 12845 | D:4      | Killed Sigmund
 12947 | D:4      | Learned a level 3 spell: Tukima's Dance
 12953 | D:4      | Learned a level 5 spell: Freezing Cloud
 13018 | D:4      | Killed Menkaure
 13049 | D:4      | Found a runed translucent door.
 13050 | D:4      | Noticed Crazy Yiuf
 13054 | D:4      | Killed Crazy Yiuf
 13220 | D:7      | Killed a manticore
 13221 | D:7      | Reached skill level 1 in Ice Magic
 14012 | D:10     | Noticed a death yak
 14038 | D:10     | Killed a death yak
 14242 | D:10     | Noticed a death yak
 14243 | D:10     | Noticed a death yak
 14273 | D:10     | Noticed a death yak
 14303 | D:10     | Killed a death yak
 14353 | D:10     | Noticed a death yak
 14371 | D:10     | Killed a death yak
 14425 | D:10     | Killed a death yak
 14482 | D:9      | Killed a death yak
 14532 | D:10     | Killed a death yak
 14533 | D:10     | Reached XP level 12. HP: 58/82 MP: 5/18
 14662 | D:10     | Found a staircase to the Lair.
 15180 | Lair:1   | Entered Level 1 of the Lair of Beasts
 15186 | Lair:1   | Noticed a seven-headed hydra
 15193 | Lair:1   | Reached skill level 5 in Staves
 15231 | D:10     | Killed a seven-headed hydra
 15285 | Lair:1   | Reached skill level 5 in Ice Magic
 15441 | Lair:1   | Bought the ring of Zoireu {MP+9 Slay+6} for 626 gold pieces
 15676 | Lair:1   | Learned a level 3 spell: Frozen Ramparts
 16266 | Lair:2   | Identified the ring "Ifoihaa" {rPois rN++ Will- rCorr
                  | Slay+2}
 17205 | Lair:2   | Found a hazy altar of Hepliaklqana.
 17338 | Lair:3   | Found an ancient bone altar of Kikubaaqudgha.
 17339 | Lair:3   | Noticed a five-headed hydra
 17344 | Lair:3   | Killed a five-headed hydra
 17415 | Lair:3   | Noticed a death yak
 17416 | Lair:3   | Noticed a death yak
 17417 | Lair:3   | Noticed a death yak
 17417 | Lair:3   | Noticed a death yak
 17425 | Lair:3   | Killed a death yak
 17427 | Lair:3   | Killed a death yak
 17429 | Lair:3   | Killed a death yak
 17430 | Lair:3   | Reached XP level 13. HP: 86/89 MP: 7/22
 17700 | Lair:3   | Noticed Sonja
 17716 | Lair:3   | Killed Sonja
 19251 | Lair:4   | Found a staircase to the Snake Pit.
 19539 | Lair:4   | Found a staircase to the Swamp.
 20087 | Lair:4   | Reached skill level 10 in Fighting
 20450 | Lair:5   | Reached skill level 10 in Ice Magic
 20583 | Lair:1   | Bought a potion of heal wounds for 85 gold pieces
 20852 | Lair:5   | Found a viscous altar of Jiyva.
 20866 | Lair:5   | Found a staircase to the Slime Pits.
 21332 | Lair:5   | Identified the +5 long sword "Fomeaf" {freeze, Int+4}
 21800 | Lair:5   | Acquired 1155 gold pieces
 22202 | Lair:6   | Entered Level 6 of the Lair of Beasts
 22209 | Lair:6   | Reached XP level 14. HP: 101/101 MP: 12/23
 24975 | Lair:1   | Bought a scroll of magic mapping for 42 gold pieces
 24975 | Lair:1   | Bought a scroll of immolation for 42 gold pieces
 24975 | Lair:1   | Bought a scroll of identify for 24 gold pieces
 24975 | Lair:1   | Bought a scroll of blinking for 90 gold pieces
 24975 | Lair:1   | Bought a scroll of identify for 24 gold pieces
 24975 | Lair:1   | Bought a scroll of noise for 12 gold pieces
 24975 | Lair:1   | Bought a scroll of identify for 24 gold pieces
 24975 | Lair:1   | Bought a scroll of acquirement for 624 gold pieces
 24983 | Lair:1   | Acquired the +6 Majin-Bo {vamp, MP+6 Int+6}
 24983 | Lair:1   | Found the +6 Majin-Bo {vamp, MP+6 Int+6}
 25107 | D:11     | Found a staircase to the Orcish Mines.
 26283 | Orc:1    | Entered Level 1 of the Orcish Mines
 26929 | Orc:1    | Noticed Nergalle
 26938 | Orc:1    | Killed Nergalle
 26983 | Orc:1    | Found Gaseamm's Assorted Antiques.
 27029 | Orc:2    | Entered Level 2 of the Orcish Mines
 27029 | Orc:2    | Found an iron altar of Okawaru.
 27086 | Orc:2    | Found Vaoxkoe's Magic Scroll Emporium.
 27095 | Orc:2    | Bought a scroll of acquirement for 884 gold pieces
 27095 | Orc:2    | Bought a scroll of teleportation for 51 gold pieces
 27095 | Orc:2    | Acquired 1028 gold pieces
 27567 | Orc:2    | Found Agyffyo's Antique Armour Shoppe.
 27668 | Orc:2    | Noticed an orc warlord
 27681 | Orc:2    | Killed an orc warlord
 27985 | Orc:2    | Reached skill level 10 in Evocations
 28072 | Orc:2    | Reached XP level 15. HP: 109/109 MP: 14/24
 28525 | Orc:2    | Found Ruczohifag's Jewellery Emporium.
 28525 | Orc:2    | Found Reguutt's Armour Boutique.
 28871 | Orc:2    | Found Casmomio's Antique Weapon Emporium.
 28871 | Orc:2    | Found Vitrept's Magic Scroll Boutique.
 28886 | Orc:2    | Bought a scroll of acquirement for 832 gold pieces
 28886 | Orc:2    | Bought a scroll of fog for 32 gold pieces
 28886 | Orc:2    | Acquired 643 gold pieces
 28898 | Orc:2    | Found a staircase to the Elven Halls.
 28994 | Orc:2    | Found Qaorch's Antique Weapon Shoppe.
 29000 | Orc:2    | Bought a crystal quarterstaff for 225 gold pieces
 29000 | Orc:2    | Identified the +6 quarterstaff "Rycont" {venom, *Rage *Slow
                  | Dex+8 Stlth+} (You bought it in a shop on level 2 of the
                  | Orcish Mines)
 29300 | Elf:1    | Entered Level 1 of the Elven Halls
 29418 | Elf:1    | Noticed Kirke
 29424 | Elf:1    | Noticed a sphinx
 29425 | Elf:1    | Reached skill level 1 in Throwing
 29429 | Elf:1    | Killed Kirke
 29507 | Elf:1    | Found a crumbling gateway.
 29520 | Desolati | Entered the Desolation of Salt
 31284 | Elf:1    | Reached skill level 5 in Dodging
 31518 | Elf:1    | Noticed an Ice Fiend
 31741 | Elf:1    | Found a runed translucent gate.
 31741 | Elf:1    | Found a runed translucent gate.
 31741 | Elf:1    | Found a runed translucent gate.
 31741 | Elf:1    | Found a runed translucent gate.
 31741 | Elf:1    | Found a runed translucent gate.
 31743 | Elf:1    | Found a runed translucent gate.
 31745 | Elf:1    | Noticed an iron dragon
 31747 | Elf:1    | Noticed an iron dragon
 31776 | Elf:1    | Got the Handbook of Vitriolic Transformation
 31777 | Elf:1    | Identified the +2 hand crossbow of Termination {vorpal,
                  | Fly}
 32198 | Elf:1    | Reached skill level 10 in Spellcasting
 32662 | Elf:2    | Reached XP level 16. HP: 116/116 MP: 27/27
 33321 | Elf:2    | Found a runed translucent gate.
 33321 | Elf:2    | Found a runed translucent gate.
 33322 | Elf:2    | Found a runed translucent gate.
 33403 | Elf:2    | Paralysed by an air elemental for 1 turns
 33865 | Elf:2    | Acquired 688 gold pieces
 34502 | Elf:2    | Found Odoimia's Assorted Antiques.
 34741 | Orc:2    | Bought a translucent tower shield for 228 gold pieces
 34741 | Orc:2    | Identified the +7 tower shield "Hecurha" {Int+3 Dex+2
                  | Slay-4} (You bought it in a shop on level 2 of the Orcish
                  | Mines)
 34743 | Orc:2    | Bought a brightly glowing iron ring for 150 gold pieces
 34743 | Orc:2    | Identified the ring "Humenk" {rF+ MP+9 Str-5 Int+6} (You
                  | bought it in a shop on level 2 of the Orcish Mines)
 36587 | D:13     | Learned a level 8 spell: Lehudib's Crystal Spear
 36721 | D:13     | Noticed Snorg
 36727 | D:13     | Killed Snorg
 38862 | D:14     | Reached XP level 17. HP: 119/123 MP: 23/29
 39142 | D:14     | Found a gate to the Vaults.
 39598 | Snake:1  | Entered Level 1 of the Snake Pit
 40631 | Snake:2  | Noticed Frances
 40639 | Snake:2  | Killed Frances
 40757 | Snake:2  | Reached skill level 10 in Conjurations
 40943 | Snake:2  | Noticed Aizul
 40952 | Snake:2  | Killed Aizul
 41263 | Snake:2  | Found a runed translucent door.
 41264 | Snake:2  | Noticed PanSaczeczos's ghost (adept DrGl)
 42769 | Snake:3  | Reached skill level 10 in Earth Magic
 45938 | Snake:4  | Entered Level 4 of the Snake Pit
 46125 | Snake:4  | Reached XP level 18. HP: 129/129 MP: 15/30
 51733 | Snake:4  | Reached XP level 19. HP: 135/135 MP: 10/32
 52434 | Snake:4  | Got a serpentine rune of Zot
 52732 | Lair:1   | Bought a scroll of acquirement for 728 gold pieces
 52738 | Lair:1   | Acquired Kytole's Handbook of the Mountains and Calling
 52746 | Lair:1   | Learned a level 5 spell: Bolt of Magma
 52813 | Swamp:1  | Entered Level 1 of the Swamp
 54291 | Swamp:1  | Noticed Nikola
 54308 | Swamp:1  | Killed Nikola
 55678 | Swamp:2  | Identified Roxanne's Guide on the Rocks
 55678 | Swamp:2  | Noticed Roxanne
 56979 | Swamp:3  | Noticed Jorgrun
 57025 | Swamp:3  | Killed Jorgrun
 58797 | Swamp:4  | Entered Level 4 of the Swamp
 60539 | Swamp:4  | Reached XP level 20. HP: 103/141 MP: 34/34
 61039 | Swamp:4  | Got a decaying rune of Zot
 61238 | Lair:1   | Bought a scroll of acquirement for 1196 gold pieces
 61238 | Lair:1   | Bought a scroll of blinking for 172 gold pieces
 61242 | Lair:1   | Acquired the ring "Zaigoti" {Contam rElec rN++ Dex+6 SInv}
 61364 | Vaults:1 | Entered Level 1 of the Vaults
 62467 | Vaults:1 | Reached skill level 15 in Conjurations
 62467 | Vaults:1 | Reached skill level 15 in Earth Magic
 63580 | Vaults:1 | Reached skill level 15 in Spellcasting
 64449 | Vaults:1 | Found Raurarph's Weapon Shop.
 66458 | D:10     | You paid a toll of 4 scrolls of blinking to enter a
                  | treasure trove
 66459 | Trove    | Entered a treasure trove
 66464 | Trove    | Found the +0 mask of the Dragon {Will+ Slay+3 SInv}
 66464 | Trove    | Found the +3 crown of Dyrovepreva {rElec Int+2 SInv}
 66497 | Trove    | Identified the ring "Qups" {Dex+6 Slay+3}
 66501 | Trove    | Identified the +0 kite shield of an ice cave {+Inv rCorr
                  | Int+3}
 66728 | Vaults:1 | Glimpsed the power of Zot.
 67040 | Vaults:2 | Reached skill level 5 in Shields
 67524 | Vaults:2 | Reached skill level 6 in Shields
 67772 | Vaults:2 | Found Setymot's Book Boutique.
 67844 | Vaults:2 | Noticed Sojobo
 68553 | Vaults:2 | Reached skill level 7 in Shields
 68842 | Vaults:2 | Found a staircase to the Crypt.
 69362 | Vaults:2 | Reached skill level 8 in Shields
 69600 | Vaults:2 | Killed Sojobo
 69605 | Vaults:2 | Reached skill level 9 in Shields
 70083 | Vaults:2 | Reached XP level 21. HP: 147/147 MP: 28/36
 70783 | Vaults:3 | Reached skill level 10 in Shields
 71371 | Vaults:3 | Reached skill level 11 in Shields
 72129 | Vaults:3 | Reached skill level 12 in Shields
 73442 | Vaults:3 | Reached skill level 13 in Shields
 74239 | Vaults:4 | Found Icaopp's General Store.
 74246 | Vaults:4 | Bought a potion of heal wounds for 55 gold pieces
 74253 | Vaults:4 | Cast into level 2 of the Abyss (a wizard)
 74668 | Vaults:4 | Escaped the Abyss
 74671 | Vaults:4 | Reached skill level 14 in Shields
 75926 | Vaults:4 | Reached XP level 22. HP: 153/153 MP: 34/36
 76534 | Vaults:4 | Reached skill level 15 in Shields
 77905 | Vaults:4 | Identified the ring of Life {rN+ Int+7 Dex-5 SInv}
 77957 | Vaults:4 | Reached skill level 15 in Fighting
 78025 | Vaults:4 | Noticed a dread lich
 78561 | Vaults:4 | Killed a dread lich
 78988 | Vaults:4 | Reached skill level 15 in Ice Magic
 79268 | Vaults:4 | Learned a level 9 spell: Polar Vortex
 79521 | D:13     | Noticed Erolcha
 79524 | D:13     | Killed Erolcha
 80608 | D:15     | Entered Level 15 of the Dungeon
 81177 | D:15     | Found a staircase to the Depths.
 82495 | Depths:1 | Entered Level 1 of the Depths
 82495 | Depths:1 | Found Ovetwac's Jewellery Boutique.
 83876 | Depths:1 | Found a gateway to Hell.
 84008 | Depths:1 | Found a sparkling altar of Nemelex Xobeh.
 84051 | Depths:1 | Found Soceloaw's Weapon Shop.
 84087 | Depths:1 | Found Poewk's Book Boutique.
 84088 | Depths:1 | Found Lib Enea's Jewellery Shoppe.
 84089 | Depths:1 | Found Zaath's Book Boutique.
 84392 | Depths:1 | Reached XP level 23. HP: 162/162 MP: 18/37
 86391 | Depths:2 | Noticed a juggernaut
 86396 | Depths:2 | Killed a juggernaut
 87973 | Depths:2 | Paralysed by a floating eye for 3 turns
 89449 | Depths:3 | Noticed a caustic shrike
 89458 | Depths:3 | Killed a caustic shrike
 89603 | Depths:3 | Noticed a juggernaut
 89610 | Depths:3 | Killed a juggernaut
 89847 | Depths:3 | Found a one-way gate to the infinite horrors of the Abyss.
 89848 | Depths:3 | Found a one-way gate leading to the halls of Pandemonium.
 89873 | Depths:3 | Identified the ring "Veushroa" {rF+ Will+ Dex+3}
 90050 | Depths:3 | Identified the amulet of Scepticism {RegenMP Rampage}
 90785 | Depths:3 | Reached XP level 24. HP: 119/169 MP: 8/37
 97220 | Depths:4 | Found a sacrificial altar of Ru.
 97294 | Depths:4 | Found a white marble altar of Elyvilon.
 97600 | Depths:4 | Noticed a caustic shrike
 97604 | Depths:4 | Killed a caustic shrike
 98282 | Depths:5 | Entered Level 5 of the Depths
 98315 | Depths:5 | Found a gateway to a ziggurat.
 98378 | Depths:5 | Found Caijorhe's Book Emporium.
 98384 | Depths:5 | Identified the +4 ice dragon scales "Nususchu" {Contam rF-
                  | rC++ Will- MP+9 Int+6}
 98649 | Depths:5 | Noticed a caustic shrike
 98651 | Depths:5 | Noticed a caustic shrike
 98651 | Depths:5 | Noticed a caustic shrike
 98652 | Depths:5 | Noticed a caustic shrike
 98742 | Depths:5 | Found a runed translucent door.
 99045 | Depths:5 | Reached XP level 25. HP: 155/175 MP: 32/37
 99819 | Depths:5 | Noticed Frederick
100128 | Depths:5 | Reached skill level 10 in Dodging
101760 | Depths:5 | Killed Frederick
102515 | Depths:5 | Found a gate to the Realm of Zot.
103493 | Depths:5 | Reached XP level 26. HP: 136/186 MP: 32/37
104023 | Depths:5 | Identified the +2 plate armour of Fortitude {Harm Str+3
                  | Dex+4}
104328 | Vaults:5 | Entered Level 5 of the Vaults
104336 | Vaults:5 | Identified the +9 plate armour "Pibujer" {Dex+3}
104545 | Vaults:5 | Reached skill level 15 in Evocations
107210 | Vaults:5 | Noticed a dread lich
107215 | Vaults:5 | Killed a dread lich
107216 | Vaults:5 | Reached XP level 27. HP: 159/197 MP: 18/38
108589 | Vaults:5 | Got a silver rune of Zot
109315 | Slime:1  | Entered Level 1 of the Pits of Slime
109316 | Slime:1  | Found a viscous altar of Jiyva.
109683 | Slime:1  | Gained mutation: You are frail. (-10% HP) [a shining eye]
109686 | Slime:1  | Gained mutation: You sometimes lose the ability to read
                  | scrolls when taking damage. [a shining eye]
110516 | Slime:2  | Gained mutation: You are clumsy. (Dex -2) [a shining eye]
111536 | Slime:3  | Reached skill level 16 in Shields
112956 | Slime:5  | Entered Level 5 of the Pits of Slime
112990 | Slime:5  | Reached skill level 17 in Shields
113021 | Slime:5  | Noticed the Royal Jelly
113881 | Slime:5  | Reached skill level 18 in Shields
114151 | Slime:5  | Found a viscous altar of Jiyva.
114165 | Slime:5  | Found the +8 storm bow {elec, penet}
114632 | Slime:5  | Killed the Royal Jelly
114887 | Slime:5  | Identified the +0 short sword of the Shallot {elec, rCorr
                  | Int-5 Dex-2 SInv}
114956 | Slime:5  | Got a slimy rune of Zot
114969 | Slime:5  | Identified the +5 glaive "Ecsoetab" {drain, Str+4 Int+2
                  | Dex-3}
115500 | Crypt:1  | Entered Level 1 of the Crypt
115879 | Crypt:1  | Learned a level 8 spell: Necromutation
116443 | Crypt:1  | Reached skill level 19 in Shields
117117 | Crypt:1  | Acquired 537 gold pieces
117564 | Crypt:1  | Found a huge runed gate.
117564 | Crypt:1  | Found a huge runed gate.
117564 | Crypt:1  | Found a huge runed gate.
117564 | Crypt:1  | Found a huge runed gate.
117564 | Crypt:1  | Found a huge runed gate.
117564 | Crypt:1  | Found a huge runed gate.
117564 | Crypt:1  | Found a huge runed gate.
117567 | Crypt:1  | Found a huge runed gate.
117571 | Crypt:1  | Found a huge runed gate.
117573 | Crypt:1  | Found a huge runed gate.
117573 | Crypt:1  | Found a huge runed gate.
117589 | Crypt:1  | Found a huge runed gate.
117589 | Crypt:1  | Found a huge runed gate.
117589 | Crypt:1  | Found a huge runed gate.
117590 | Crypt:1  | Found a huge runed gate.
117592 | Crypt:1  | Found a huge runed gate.
117593 | Crypt:1  | Found a huge runed gate.
117593 | Crypt:1  | Found a huge runed gate.
117593 | Crypt:1  | Found a huge runed gate.
117593 | Crypt:1  | Found a huge runed gate.
117637 | Crypt:1  | Found a huge runed gate.
117637 | Crypt:1  | Found a huge runed gate.
117637 | Crypt:1  | Found a huge runed gate.
117640 | Crypt:1  | Found a huge runed gate.
117657 | Crypt:1  | Found a huge runed gate.
117687 | Crypt:1  | Found a huge runed gate.
117687 | Crypt:1  | Found a huge runed gate.
117687 | Crypt:1  | Found a huge runed gate.
118622 | Crypt:2  | Noticed Saint Roka
118629 | Crypt:2  | Killed Saint Roka
118641 | Crypt:2  | Reached skill level 20 in Shields
118743 | Crypt:2  | Lost mutation: You are clumsy. (Dex -2) [potion of
                  | mutation]
118743 | Crypt:2  | Lost mutation: You sometimes lose the ability to read
                  | scrolls when taking damage. [potion of mutation]
118743 | Crypt:2  | Gained mutation: You are very frail. (-20% HP) [potion of
                  | mutation]
118743 | Crypt:2  | Gained mutation: Your natural rate of healing is unusually
                  | fast. [potion of mutation]
118744 | Crypt:2  | Lost mutation: You are very frail. (-20% HP) [potion of
                  | mutation]
118744 | Crypt:2  | Lost mutation: Your magical capacity is low. (-10% MP)
                  | [potion of mutation]
118744 | Crypt:2  | Lost mutation: You are frail. (-10% HP) [potion of
                  | mutation]
118744 | Crypt:2  | Gained mutation: Your skin blends seamlessly with your
                  | surroundings (Stealth++). [potion of mutation]
118744 | Crypt:2  | Gained mutation: You passively map a small area around you.
                  | [potion of mutation]
118770 | Crypt:2  | Found a magical portal.
118785 | WizLab   | Entered Doroklohe's Tomb
119013 | WizLab   | Noticed a royal mummy
119032 | WizLab   | Killed a royal mummy
120756 | Crypt:2  | Reached skill level 21 in Shields
121536 | Crypt:2  | Got the Tome of Evil Secrets
121543 | Crypt:2  | Learned a level 5 spell: Borgnjor's Vile Clutch
121923 | Zot:1    | Entered Level 1 of the Realm of Zot
121930 | Zot:1    | Noticed an ancient lich
121934 | Zot:1    | Killed an ancient lich
121946 | Zot:1    | Reached skill level 22 in Shields
124820 | Zot:2    | Reached skill level 23 in Shields
125804 | Zot:2    | Noticed an ancient lich
126151 | Zot:2    | Killed an ancient lich
126461 | Zot:2    | Found a stormy altar of Qazlal.
126488 | Zot:2    | Got the Grimoire of the Fetching Volcanoes
126689 | Zot:2    | Reached skill level 24 in Shields
128742 | Zot:3    | Acquired the ring "Ucvi" {Dex+4 Slay+4}
129030 | Zot:3    | Reached skill level 25 in Shields
130056 | Zot:3    | Identified the +6 quarterstaff "Segouz Fueg" {venom, rElec
                  | Will+}
131558 | Zot:4    | Noticed an orb of fire
131563 | Zot:4    | Killed an orb of fire
132089 | Zot:5    | Entered Level 5 of the Realm of Zot
133122 | Zot:5    | Noticed a dread lich
133149 | Zot:5    | Reached skill level 1 in Necromancy
133149 | Zot:5    | Reached skill level 1 in Transmutations
133153 | Zot:5    | Noticed an orb of fire
133154 | Zot:5    | Noticed an orb of fire
133395 | Zot:5    | Noticed an ancient lich
133400 | Zot:5    | Killed an ancient lich
133401 | Zot:5    | Killed an orb of fire
133402 | Zot:5    | Noticed an orb of fire
133406 | Zot:5    | Gained mutation: You are clumsy. (Dex -2) [an orb of fire]
133407 | Zot:5    | Noticed an orb of fire
133413 | Zot:5    | Killed an orb of fire
133416 | Zot:5    | Gained mutation: You occasionally shout uncontrollably at
                  | your foes. [an orb of fire]
133427 | Zot:5    | Gained mutation: Your body sometimes deteriorates upon
                  | taking damage. [an orb of fire]
133603 | Zot:5    | Noticed an orb of fire
133603 | Zot:5    | Gained mutation: You are frail. (-10% HP) [an orb of fire]
133606 | Zot:5    | Lost mutation: Your natural rate of healing is unusually
                  | fast. [an orb of fire]
133608 | Zot:5    | Killed an orb of fire
133615 | Zot:5    | Noticed a dread lich
133618 | Zot:5    | Reached skill level 5 in Necromancy
133618 | Zot:5    | Reached skill level 5 in Transmutations
133621 | Zot:5    | Noticed an orb of fire
133703 | Zot:5    | Gained mutation: Your spells are a little easier to cast,
                  | but a little less powerful. [an orb of fire]
133705 | Zot:5    | Killed a dread lich
133706 | Zot:5    | Killed an orb of fire
134081 | Zot:5    | Killed an orb of fire
134199 | Zot:5    | Killed an orb of fire
134512 | Zot:5    | Killed a dread lich
134538 | Zot:5    | Noticed an orb of fire
134666 | Zot:5    | Gained mutation: You are occasionally teleported next to
                  | monsters. [an orb of fire]
134671 | Zot:5    | Killed an orb of fire
135090 | Zot:5    | Reached skill level 10 in Necromancy
135090 | Zot:5    | Reached skill level 10 in Transmutations
135090 | Zot:5    | Lost mutation: Your body sometimes deteriorates upon taking
                  | damage. [potion of mutation]
135090 | Zot:5    | Lost mutation: You are clumsy. (Dex -2) [potion of
                  | mutation]
135090 | Zot:5    | Lost mutation: You occasionally shout uncontrollably at
                  | your foes. [potion of mutation]
135090 | Zot:5    | Gained mutation: You are covered in fur. (AC +1) [potion of
                  | mutation]
135091 | Zot:5    | Lost mutation: Your spells are a little easier to cast, but
                  | a little less powerful. [potion of mutation]
135091 | Zot:5    | Lost mutation: You are frail. (-10% HP) [potion of
                  | mutation]
135091 | Zot:5    | Lost mutation: You are occasionally teleported next to
                  | monsters. [potion of mutation]
135091 | Zot:5    | Gained mutation: One of your tentacles bears a spike.
                  | [potion of mutation]
135091 | Zot:5    | Gained mutation: Your flesh is heat resistant. (rF+)
                  | [potion of mutation]
135091 | Zot:5    | Gained mutation: You are weak. (Str -2) [potion of
                  | mutation]
136775 | Hell     | Entered the Vestibule of Hell
136775 | Hell     | Noticed Geryon
136779 | Hell     | Killed Geryon
137194 | Hell     | Found a gateway to the freezing wastes of Cocytus.
137443 | Hell     | Found a gateway to the ashen valley of Gehenna.
137813 | Hell     | Found a gateway to the decaying netherworld of Tartarus.
138181 | Hell     | Found a gateway to the Iron City of Dis.
138549 | Hell     | Bought a potion of heal wounds for 230 gold pieces
138549 | Hell     | Bought a potion of haste for 460 gold pieces
138554 | Hell     | Bought a potion of haste for 220 gold pieces
138554 | Hell     | Bought a potion of heal wounds for 110 gold pieces
138554 | Hell     | Bought a potion of haste for 220 gold pieces
138554 | Hell     | Bought a potion of haste for 220 gold pieces
138554 | Hell     | Bought a potion of mutation for 176 gold pieces
138554 | Hell     | Bought a potion of cancellation for 176 gold pieces
138554 | Hell     | Bought a potion of heal wounds for 110 gold pieces
138554 | Hell     | Bought a potion of mutation for 176 gold pieces
138554 | Hell     | Lost mutation: One of your tentacles bears a spike. [potion
                  | of mutation]
138554 | Hell     | Lost mutation: You are weak. (Str -2) [potion of mutation]
138554 | Hell     | Gained mutation: You are occasionally teleported next to
                  | monsters. [potion of mutation]
138554 | Hell     | Gained mutation: You are agile. (Dex +2) [potion of
                  | mutation]
138555 | Hell     | Lost mutation: You are occasionally teleported next to
                  | monsters. [potion of mutation]
138555 | Hell     | Lost mutation: You are agile. (Dex +2) [potion of mutation]
138555 | Hell     | Lost mutation: You are covered in fur. (AC +1) [potion of
                  | mutation]
138555 | Hell     | Gained mutation: You expend magic power (3 MP) to
                  | strengthen your wands. [potion of mutation]
138555 | Hell     | Gained mutation: You sometimes lose the ability to read
                  | scrolls when taking damage. [potion of mutation]
138555 | Hell     | Lost mutation: Your flesh is heat resistant. (rF+) [potion
                  | of mutation]
138555 | Hell     | Gained mutation: Your system is resistant to poisons.
                  | (rPois) [potion of mutation]
138556 | Hell     | Lost mutation: You expend magic power (3 MP) to strengthen
                  | your wands. [potion of mutation]
138556 | Hell     | Lost mutation: You sometimes lose the ability to read
                  | scrolls when taking damage. [potion of mutation]
138556 | Hell     | Lost mutation: You passively map a small area around you.
                  | [potion of mutation]
138556 | Hell     | Gained mutation: Your muscles are strong. (Str +2) [potion
                  | of mutation]
138572 | Geh:1    | Entered Level 1 of Gehenna
139192 | Zot:5    | Got the Orb of Zot
139588 | D:15     | Noticed Ciaz the pandemonium lord
139632 | D:13     | Noticed Ugufun the pandemonium lord
139938 | D:$      | Escaped with the Orb!

Table legend: (Time is in decaauts)
 A = Elapsed time spent in this place.
 B = Non-inter-level travel time spent in this place.
 C = Inter-level travel time spent in this place.
 D = Time resting spent in this place.
 E = Time spent auto-exploring this place.
 F = Levels seen in this place.
 G = Mean time per level.
                   A        B        C        D        E       F      G
               +--------+--------+--------+--------+--------+-----+--------+
         Total | 139932 | 132253 |   7679 |  71725 |  42585 |  63 | 2221.1 |
       Dungeon |  25605 |  23303 |   2302 |  10003 |   9824 |  15 | 1707.0 |
        Temple |      8 |      5 |      3 |      0 |      0 |   1 |    8.0 |
          Lair |  10216 |   9366 |    850 |   4469 |   3676 |   6 | 1702.7 |
         Swamp |   8356 |   8227 |    129 |   5378 |   2135 |   4 | 2089.0 |
     Snake Pit |  13059 |  12836 |    223 |   8818 |   2512 |   4 | 3264.8 |
    Slime Pits |   5915 |   5551 |    364 |   1255 |   3279 |   5 | 1183.0 |
  Orcish Mines |   2913 |   2747 |    166 |   1000 |   1097 |   2 | 1456.5 |
   Elven Halls |   5081 |   4944 |    137 |   3051 |   1267 |   2 | 2540.5 |
        Vaults |  22834 |  21908 |    926 |  13563 |   5863 |   5 | 4566.8 |
         Crypt |   5058 |   4916 |    142 |   2551 |   1516 |   2 | 2529.0 |
        Depths |  22160 |  20796 |   1364 |  13439 |   4859 |   5 | 4432.0 |
          Hell |   1559 |   1527 |     32 |    103 |   1153 |   1 | 1559.0 |
       Gehenna |    268 |    266 |      2 |      0 |    168 |   1 |  268.0 |
           Zot |  15052 |  14018 |   1034 |   7431 |   4972 |   5 | 3010.4 |
         Abyss |    410 |    410 |      0 |     31 |      0 |   1 |  410.0 |
         Trove |     62 |     62 |      0 |      0 |      0 |   1 |   62.0 |
       Ossuary |    413 |    413 |      0 |     98 |    200 |   1 |  413.0 |
        Wizlab |    647 |    647 |      0 |    309 |     64 |   1 |  647.0 |
    Desolation |    308 |    308 |      0 |    223 |      0 |   1 |  308.0 |
               +--------+--------+--------+--------+--------+-----+--------+

Top non-repeatable levels by time:
Depths:3: 7665 daAuts
 Snake:4: 6465 daAuts
Vaults:4: 5717 daAuts
Vaults:1: 5207 daAuts
Depths:4: 5017 daAuts
Vaults:2: 4329 daAuts
   Zot:2: 4225 daAuts
Depths:5: 3974 daAuts
Vaults:3: 3838 daAuts
Vaults:5: 3742 daAuts
 Crypt:1: 3318 daAuts
   Zot:4: 3260 daAuts
   Zot:5: 3228 daAuts
Depths:2: 3154 daAuts
 Snake:3: 3093 daAuts

Table legend:
 A = Kills in this place as a percentage of kills in entire the game.
 B = Kills by you in this place as a percentage of kills by you in the entire game.
 C = Kills by friends in this place as a percentage of kills by friends in the entire game.
 D = Other kills in this place as a percentage of other kills in the entire game.
 E = Experience gained in this place as a percentage of experience gained in the entire game.
 F = Experience gained in this place divided by the number of levels of this place that you have seen.
                   A       B       C       D       E      F
               +-------+-------+-------+-------+-------+----------------------
         Total | 100.0 | 100.0 | 100.0 | 100.0 | 100.0 | 35410.5
       Dungeon |  15.4 |  15.5 |   9.1 |   5.3 |   3.6 | 5351.3
          Lair |   6.5 |   6.6 |   0.0 |   0.0 |   2.3 | 8715.2
         Swamp |   4.9 |   5.0 |   0.0 |   0.0 |   3.7 | 20573.5
     Snake Pit |   7.9 |   7.9 |  18.2 |   0.0 |   6.1 | 34255.0
    Slime Pits |   5.6 |   5.6 |   0.0 |   0.0 |   5.3 | 23812.8
  Orcish Mines |   4.8 |   4.8 |   0.0 |   0.0 |   0.6 | 6751.0
   Elven Halls |   4.2 |   3.8 |  18.2 |  47.4 |   2.7 | 30482.5
        Vaults |  15.6 |  15.7 |  18.2 |   0.0 |  18.7 | 83494.8
         Crypt |   5.2 |   5.3 |   0.0 |   0.0 |   4.7 | 51876.5
        Depths |  12.4 |  12.4 |  27.3 |   0.0 |  19.6 | 87502.8
          Hell |   3.3 |   3.3 |   0.0 |   0.0 |   3.0 | 67959.0
       Gehenna |   1.1 |   1.0 |   0.0 |  10.5 |   0.7 | 14930.0
           Zot |   9.8 |   9.7 |   0.0 |  36.8 |  27.2 | 121479.0
         Abyss |   1.1 |   1.1 |   0.0 |   0.0 |   0.8 | 17269.0
       Ossuary |   1.1 |   1.1 |   0.0 |   0.0 |   0.0 | 498.0
        Wizlab |   0.7 |   0.7 |   0.0 |   0.0 |   0.7 | 14805.0
    Desolation |   0.5 |   0.4 |   9.1 |   0.0 |   0.2 | 3862.0
               +-------+-------+-------+-------+-------+----------------------

Action                   |  1- 3 |  4- 6 |  7- 9 | 10-12 | 13-15 | 16-18 | 19-21 | 22-24 | 25-27 || total
-------------------------+-------+-------+-------+-------+-------+-------+-------+-------+-------++-------
Melee: Dagger            |    35 |    91 |   170 |     4 |       |       |       |       |       ||   300
       Constrict         |    11 |    20 |    27 |     5 |     5 |       |    21 |    18 |    23 ||   130
       Tentacles         |    10 |    21 |    24 |     4 |     5 |       |    34 |    17 |    30 ||   145
       Staff             |       |       |       |    17 |    58 |     8 |   175 |   135 |   186 ||   579
       Kick              |       |       |       |       |       |       |       |       |     7 ||     7
Throw: Dart              |       |     4 |    11 |     6 |    28 |    29 |    23 |    11 |    12 ||   124
 Cast: Magic Dart        |    67 |   143 |    92 |    69 |   183 |    18 |     1 |       |       ||   573
       Blink             |       |       |     1 |     2 |     2 |     4 |     1 |       |     2 ||    12
       Stone Arrow       |       |       |    81 |   213 |   480 |   649 |   404 |    44 |     2 ||  1873
       Mephitic Cloud    |       |       |     1 |     2 |       |       |       |       |       ||     3
       Freezing Cloud    |       |       |       |     5 |   101 |   188 |   137 |    47 |     9 ||   487
       Frozen Ramparts   |       |       |       |       |     1 |     1 |     2 |     1 |     1 ||     6
       Tukima's Dance    |       |       |       |       |       |     2 |     1 |       |       ||     3
       Bolt of Magma     |       |       |       |       |       |       |    46 |     7 |     2 ||    55
       Lehudib's Crystal |       |       |       |       |       |       |   145 |   391 |   706 ||  1242
       Polar Vortex      |       |       |       |       |       |       |       |     9 |   130 ||   139
       Necromutation     |       |       |       |       |       |       |       |       |     1 ||     1
Invok: Call Merchant     |       |       |       |     1 |     3 |     1 |     2 |       |     4 ||    11
       Potion Petition   |       |       |       |       |       |       |     1 |       |       ||     1
Evoke: Wand              |       |       |     1 |    14 |     6 |     5 |     8 |     3 |    14 ||    51
       Box of beasts     |       |       |       |       |     3 |     2 |     3 |     1 |     2 ||    11
       Lightning rod     |       |       |       |       |       |       |     3 |       |       ||     3
       Phantom mirror    |       |       |       |       |       |       |     2 |       |     1 ||     3
       Condenser vane    |       |       |       |       |       |       |     1 |       |       ||     1
  Use: Scroll            |       |     1 |     5 |     8 |    12 |     4 |     5 |     4 |     8 ||    47
       Potion            |       |       |     8 |       |       |     1 |     3 |     1 |    14 ||    27
 Stab: Sleeping          |     1 |     5 |     2 |     3 |       |       |     2 |     1 |       ||    14
       Paralysed         |       |       |       |       |     1 |       |       |       |       ||     1
       Distracted        |       |       |       |       |     1 |       |       |     3 |     2 ||     6
Armor: Skin              |       |     2 |    12 |     4 |    11 |    17 |    36 |    61 |    78 ||   221
Dodge: Dodged            |    29 |    53 |   126 |    71 |   105 |   180 |   229 |   184 |   313 ||  1290
Block: Buckler           |       |     9 |    58 |    22 |    36 |    93 |   200 |   192 |    54 ||   664
       Reflection        |       |       |       |       |       |    26 |    34 |    29 |    31 ||   120
       Kite shield       |       |       |       |       |       |       |       |       |   157 ||   157
       Tower shield      |       |       |       |       |       |       |       |       |   233 ||   233

Vanquished Creatures
  the Royal Jelly (Slime:5)
  3 dread liches
  8 orbs of fire
  3 ancient liches
  2 juggernauts
  A royal mummy (WizLab)
  Sojobo (Vaults:2)
  5 Killer Klowns
  Saint Roka (Crypt:2)
  6 caustic shrikes
  8 curse toes
  Nikola (Swamp:1)
  18 golden dragons
  Geryon (Hell)
  2 bone dragons (Zot:3)
  A shard shrike zombie (Crypt:1)
  17 tentacled monstrosities
  2 hellephants (Crypt:1)
  8 electric golems
  An iron giant (Zot:2)
  Jorgrun (Swamp:3)
  An Ice Fiend (Zot:2)
  11 liches
  27 Orb Guardians
  9 quicksilver dragons
  6 titans
  20 acid blobs
  3 tentacled starspawn (Abyss:2)
  2 ancient champions
  4 sphinxes
  11 tengu reavers
  15 death cobs
  Kirke (Elf:1)
  14 shadow dragons
  2 fenstrider witches
  24 storm dragons
  20 draconian monks
  2 thorn hunters
  14 nagarajas
  17 fire giants
  4 revenants
  12 azure jellies
  12 rockslimes
  3 deep elf sorcerers (Vaults:5)
  15 frost giants
  8 ghost moths
  3 draconian knights
  13 vault wardens
  5 draconian scorchers
  A caustic shrike zombie (Depths:1)
  2 balrugs
  A juggernaut zombie (Depths:1)
  4 orc warlords
  Aizul (Snake:2)
  4 draconian shifters
  14 ironbound preservers
  7 iron dragons
  A curse skull (Crypt:1)
  2 draconian stormcallers
  20 stone giants
  12 quicksilver oozes
  5 ghouls
  4 war gargoyles
  32 very ugly things
  A spriggan defender (Depths:3)
  4 draconian annihilators
  9 reapers
  7 grey draconians (Zot:1)
  15 green draconians
  18 vampire knights
  11 red draconians
  17 spark wasps
  2 entropy weavers
  2 deep elf annihilators (Vaults:5)
  3 deep elf demonologists
  13 purple draconians
  4 dire elephants
  7 yellow draconians
  11 black draconians
  16 white draconians
  2 bunyips
  2 mummy priests (WizLab)
  9 deep elf death magi
  23 ettins
  3 blizzard demons (Hell)
  2 jiangshi (Crypt:1)
  2 eleionomae
  A crystal guardian (Vaults:3)
  Snorg (D:13)
  A merfolk javelineer (Depths:3)
  A quicksilver dragon zombie (Crypt:2)
  A merfolk impaler (Depths:3)
  A fire dragon (shapeshifter) (Elf:1)
  7 eidola
  12 fire dragons
  A shambling mangrove (Swamp:2)
  4 deep elf high priests
  11 great orbs of eyes
  24 naga warriors
  4 ironbound thunderhulks
  15 ice dragons
  15 yaktaur captains
  39 vault guards
  5 boulder beetles
  2 peacekeepers
  5 spriggan air magi
  6 ironbound frosthearts
  4 rakshasas
  4 centaur warriors
  A catoblepas (Lair:4)
  Erolcha (D:13)
  25 hydras
  5 death knights
  An anaconda (shapeshifter) (Vaults:5)
  2 ogre magi
  16 anacondas
  14 alligators
  6 two-headed ogres
  7 deep troll earth magi
  A hell hog (Geh:1)
  5 ironbound beastmasters
  Erica (D:11)
  5 spriggan berserkers
  4 thrashing horrors (Abyss:2)
  A death yak (shapeshifter) (Depths:3)
  6 deep troll shamans
  19 naga sharpshooters
  6 vampire magi
  12 death yaks
  6 tengu warriors
  5 shock serpents
  3 orc high priests
  Sonja (Lair:3)
  16 deep elf knights
  A titan skeleton (Geh:1)
  4 salamander mystics
  Nergalle (Orc:1)
  4 soul eaters
  34 hell knights
  A storm dragon skeleton (Vaults:3)
  A wretched star (Abyss:2)
  7 sun demons (Hell)
  5 iron trolls
  2 shadow wraiths (Hell)
  14 skeletal warriors
  7 goliath frogs
  2 death drakes (Depths:5)
  2 spark wasp zombies (Depths:4)
  A golden dragon zombie (Crypt:2)
  4 spriggan druids
  A sea snake (shapeshifter) (Depths:3)
  An orange crystal statue (Zot:4)
  9 glowing orange brains
  42 deep trolls
  14 wizards
  A bunyip skeleton (Crypt:1)
  13 swamp dragons
  4 bog bodies
  6 flayed ghosts
  A quicksilver dragon simulacrum (Crypt:1)
  11 deep elf archers
  11 orc knights
  6 naga ritualists
  16 phantasmal warriors
  2 golden dragon skeletons (Depths:4)
  9 lindwurms (Vaults:1)
  2 anaconda skeletons (Hell)
  16 ironbound convokers
  19 deep elf pyromancers
  21 necromancers
  A lindwurm (shapeshifter) (Elf:2)
  4 oklob plants (Lair:5)
  A stone giant zombie (WizLab)
  2 tengu zombies
  3 mana vipers
  A wolf spider zombie (Crypt:2)
  10 deep elf zephyrmancers
  9 orc sorcerers
  2 sphinx zombies
  3 manticores
  42 ugly things
  A draconian (Zot:1)
  18 salamanders
  3 will-o-the-wisps
  4 frost giant zombies
  6 shining eyes
  5 cyclopes
  A sphinx skeleton (Depths:4)
  2 fire giant skeletons
  6 rust devils
  39 black mambas
  26 moths of wrath
  2 human skeletons
  A dire elephant zombie (Geh:1)
  18 vault sentinels
  2 elf zombies (Depths:4)
  A stone giant skeleton (Hell)
  12 guardian serpents
  6 smoke demons
  15 naga magi
  An eye of devastation (Slime:5)
  An apocalypse crab (Abyss:2)
  2 gargoyles
  8 cane toads
  A black draconian zombie (Crypt:2)
  2 tormentors
  4 molten gargoyles (Hell)
  9 komodo dragons
  5 freezing wraiths
  3 hellions
  2 rime drakes
  23 yaktaurs
  4 guardian mummies
  2 unseen horrors
  A kobold demonologist (D:12)
  2 demonic crawlers (Hell)
  3 tengu conjurers
  2 ancient zymes (Abyss:2)
  3 spectral deep trolls (Crypt:2)
  2 red devils (Geh:1)
  5 trolls
  3 hydra zombies
  10 tyrant leeches
  A green draconian skeleton (Crypt:1)
  2 bloated husks (Swamp:1)
  2 polar bears
  7 meliai (Depths:3)
  16 hornets
  11 saltlings (Desolation)
  2 spriggan zombies (WizLab)
  A hydra skeleton (Hell)
  2 harpy skeletons
  7 raiju (Abyss:2)
  An ice dragon zombie (Depths:1)
  An ettin zombie (WizLab)
  15 dream sheep
  A raiju (shapeshifter) (D:15)
  131 slime creatures
  29 blink frogs
  A fire giant simulacrum (Depths:4)
  A meliai zombie (D:10)
  3 redbacks (Vaults:1)
  13 spriggans
  2 ettin skeletons
  Sigmund (D:4)
  4 air elementals
  8 flying skulls
  A spriggan (shapeshifter) (Elf:1)
  4 large abominations (Abyss:2)
  7 wraiths
  A ynoxinul (Abyss:2)
  19 water elementals
  9 wyverns
  5 shadows
  2 vampires
  37 yaks
  A tarantella (shapeshifter) (Vaults:5)
  6 basilisks
  A human (Elf:1)
  A neqoxec (D:2)
  A golden eye (shapeshifter) (D:14)
  6 steam dragons
  7 fire elementals
  11 golden eyes
  A yaktaur simulacrum (Vaults:1)
  2 hogs (Elf:1)
  2 swamp worms (shapeshifter)
  Edmund (D:4)
  Menkaure (D:4)
  13 vampire mosquitoes
  44 nagas
  A torturous demonspawn zombie (Crypt:2)
  3 acid dragons
  An infernal demonspawn zombie (WizLab)
  12 wargs
  17 swamp worms
  18 water moccasins
  3 hell hounds (Hell)
  A two-headed ogre zombie (D:11)
  An acid dragon (shapeshifter) (Vaults:5)
  A water nymph skeleton (Crypt:1)
  5 floating eyes
  A deep troll skeleton (Crypt:2)
  2 sky beasts
  4 black bears
  8 swamp drakes
  28 orc warriors
  8 boggarts
  2 necrophages (Crypt:1)
  7 wolves
  12 ogres
  10 centaurs
  A manticore skeleton (Crypt:1)
  A blink frog skeleton (Crypt:2)
  A draconian zombie (Crypt:1)
  6 bullfrogs
  4 kobold brigands
  2 wyvern zombies (D:8)
  5 water moccasin zombies (Ossuary)
  2 earth elementals (Elf:2)
  3 small abominations (Abyss:2)
  A warg zombie (Crypt:2)
  2 troll zombies
  6 killer bees (D:9)
  A human simulacrum (Vaults:2)
  11 wights
  6 howler monkeys
  A polar bear skeleton (Crypt:1)
  An electric eel (Lair:3)
  Crazy Yiuf (D:4)
  8 centaur zombies
  A jelly (D:7)
  16 orc priests
  A hound (D:7)
  6 human zombies
  5 centaur skeletons
  8 iguanas
  51 orc wizards
  6 hell rats (Hell)
  A dwarf zombie (Crypt:1)
  A sky beast zombie (Crypt:2)
  6 ogre zombies (D:11)
  A hound skeleton (D:4)
  7 mummies
  3 howler monkey zombies
  Robin (D:2)
  A gnoll (D:2)
  7 adders
  2 howler monkey skeletons
  A swamp drake skeleton (Crypt:2)
  A white imp (D:6)
  4 ufetubi
  8 adder zombies (Ossuary)
  An adder skeleton (D:4)
  A worm (D:2)
  A barachi zombie (Crypt:2)
  3 dart slugs
  100 orcs
  19 ball pythons
  3 bats
  7 endoplasms
  3 giant cockroaches
  2 gnoll zombies (Ossuary)
  16 goblins
  6 hobgoblins
  8 jackals
  4 quokkas
  A frilled lizard (D:1)
  4 goblin skeletons
  6 goblin zombies (D:11)
  A hobgoblin skeleton (D:11)
  10 hobgoblin zombies
  A jackal zombie (Crypt:2)
  17 kobolds
  5 kobold zombies (Ossuary)
  2 orc skeletons
  10 orc zombies
  3 rats
  A river rat zombie (Crypt:1)
  4 starspawn tentacles (Abyss:2)
2664 creatures vanquished.

Vanquished Creatures (collateral kills)
  Frederick (Depths:5)
  Frances (Snake:2)
  A titan (Depths:3)
  An ettin (D:11)
  A peacekeeper (Desolation)
  A spriggan air mage (Depths:3)
  2 dancing weapons
  A black mamba (Snake:2)
  An elf zombie (Vaults:2)
  A human simulacrum (Vaults:2)
11 creatures vanquished.

Vanquished Creatures (others)
  A dread lich (Zot:5)
  A red draconian (Zot:5)
  14 dancing weapons
  2 hell hogs (Geh:1)
  A spriggan (Swamp:1)
  2 hornets (Swamp:1)
  A slime creature (Slime:4)
  2 humans (Elf:1)
  6 foxfires (Swamp:4)
  36 fungi
  75 plants
  5 starspawn tentacles (Abyss:2)
146 creatures vanquished.

Grand Total: 2821 creatures vanquished
